AoeStats
← Chris

African Clearing

506582197Analyzed
4v4 RM · 18d ago on Sep 14, 2026· 49m 3s· 8 players
Game mode
Random Map
Map size
Large (8 player)
Population
200
Speed
Normal
Resources
Standard
Victory
Conquest
Starting age
Dark Age
Ending age
Imperial Age
RankedLock teamsTeams togetherTeam positionsShared explorationLock speedFull tech treeHidden civsTurbo modeCheats
Victory
Defeat
🇨🇳 Japanese · China
1449
+11
🇮🇳 Tatars · India
1433
+12
🇦🇷 Malians · Argentina
1409
+13
🇹🇼 Saracens · Taiwan
1351
+16
🇺🇸 Poles · United States
1389
-15
🇲🇽 Magyars · Mexico
1382
-14
🇲🇽 Huns · Mexico
1360
-14
🇲🇽 Mongols · Mexico
1239
-9
Ziton127
10:26 Loom
13:34 Feudal Age
13:38 Man-at-Arms
14:32 Double-Bit Axe
17:17 Fletching
28:15 Castle Age
27:25 Gold Mining
28:22 Crossbowman
29:16 Bodkin Arrow
37:11 Bloodlines
40:49 Thumb Ring
RedKing
8:44 Loom
15:24 Feudal Age
15:52 Double-Bit Axe
19:38 Fletching
19:48 Padded Archer Armor
27:48 Castle Age
28:26 Bodkin Arrow
27:52 Crossbowman
30:00 Thumb Ring
31:09 Bow Saw
30:40 Horse Collar
30:51 Gold Mining
32:04 Leather Archer Armor
35:38 Town Watch
38:48 Heavy Plow
40:59 Wheelbarrow
41:33 Ballistics
41:39 Husbandry
42:12 Bloodlines
43:42 Scale Barding Armor
47:22 Chain Barding Armor
47:41 Scale Mail Armor
Chris
6:39 Loom
13:38 Feudal Age
13:39 Man-at-Arms
14:45 Double-Bit Axe
14:43 Horse Collar
21:54 Wheelbarrow
21:05 Town Watch
27:22 Castle Age
27:32 Light Cavalry
28:23 Bloodlines
28:13 Husbandry
28:21 Scale Barding Armor
28:26 Forging
28:39 Bow Saw
28:31 Heavy Plow
29:55 Szlachta Privileges
34:47 Chain Barding Armor
41:31 Hand Cart
47:32 Iron Casting
orlandgw
7:04 Loom
15:01 Feudal Age
15:52 Double-Bit Axe
15:48 Man-at-Arms
22:13 Forging
21:55 Fletching
24:09 Wheelbarrow
23:48 Padded Archer Armor
28:41 Castle Age
32:17 Castle Age
30:30 Stone Mining
30:40 Gold Mining
30:52 Gold Mining
33:45 Bodkin Arrow
35:30 Bow Saw
35:51 Forging
35:48 Scale Barding Armor
35:58 Bloodlines
35:58 Husbandry
36:36 Thumb Ring
37:12 Iron Casting
42:05 Gold Shaft Mining
41:55 Chain Barding Armor
42:12 Town Watch
45:05 Hand Cart
47:00 Nomads
47:13 Thumb Ring
47:34 Leather Archer Armor
47:13 Elite Skirmisher
LuLALa
3:08 Loom
15:17 Feudal Age
26:07 Castle Age
25:27 Fletching
28:15 Bodkin Arrow
28:46 Crossbowman
30:29 Padded Archer Armor
36:52 Leather Archer Armor
42:15 Ballistics
42:27 Treadmill Crane
46:58 Wheelbarrow
48:02 Hand Cart
47:34 Town Watch
xrw
13:13 Feudal Age
13:58 Loom
17:18 Castle Age
15:33 Double-Bit Axe
16:16 Fishing Lines
20:16 Bow Saw
26:57 Scale Barding Armor
28:15 Bloodlines
29:07 Forging
29:48 Stone Mining
29:49 Gold Mining
31:06 Fletching
31:16 Padded Archer Armor
32:02 Bodkin Arrow
33:44 Leather Archer Armor
36:36 Wheelbarrow
39:24 Imperial Age
37:19 Ballistics
38:18 Bow Saw
38:21 Thumb Ring
39:06 Gillnets
40:08 Iron Casting
39:55 Chain Barding Armor
41:08 Chemistry
40:18 Bracer
40:28 Gold Mining
41:54 Ring Archer Armor
43:19 Parthian Tactics
44:00 Conscription
46:26 Guard Tower
46:43 Siege Engineers
47:53 Keep
23
5:25 Loom
13:40 Feudal Age
17:07 Double-Bit Axe
19:04 Town Watch
22:10 Wheelbarrow
22:07 Fletching
22:52 Padded Archer Armor
24:57 Horse Collar
30:21 Castle Age
30:43 Gold Mining
31:01 Bodkin Arrow
30:26 Crossbowman
31:32 Bow Saw
32:09 Ballistics
35:13 Leather Archer Armor
41:49 Town Patrol
43:22 Stone Mining
48:13 Bloodlines
48:04 Husbandry
48:35 Stone Mining
51:38 Imperial Age
KanA
11:16 Loom
13:17 Feudal Age
18:43 Castle Age
16:43 Stone Mining
17:13 Double-Bit Axe
17:20 Gold Mining
34:05 Scale Mail Armor
35:04 Chain Mail Armor
35:26 Forging
Connection lost

Rejoining the realm…

Still unreachable

The connection could not be restored.

Session expired

The server has moved on; the page needs a fresh start.